 Dungeon Crawl Stone Soup version 0.25-a0-1136-gc1285e62ab (webtiles) character file.

Game seed: 12168835552931953621, levelgen mode: deterministic

1799 Morbidden the Skirmisher (level 8, -4/63 HPs)
             Began as a Demonspawn Fighter on May 22, 2020.
             Was a Believer of Vehumet.
             Slain by a hog (5 damage)
             ... on level 8 of the Dungeon.
             The game lasted 00:12:58 (8109 turns).

Morbidden the Skirmisher (Demonspawn Fighter)       Turns: 8109, Time: 00:13:00

Health: -4/63      AC: 10    Str: 17    XL:     8   Next: 83%
Magic:  14/14      EV: 14    Int: 12    God:    Vehumet [**....]
Gold:   360        SH:  0    Dex: 18    Spells: 14/15 levels left

rFire    + . .     SeeInvis .   b - +0 dagger (venom)
rCold    + . .     Gourm    .   (no shield)
rNeg     . . .     Faith    .   r - +0 scale mail
rPois    +         Spirit   .   (no helmet)
rElec    +         Reflect  .   (no cloak)
rCorr    +         Harm     .   (no gloves)
MR       .....                  w - +0 pair of boots
Stlth    ..........             (no amulet)
HPRegen  0.20/turn              e - +6 ring of dexterity
MPRegen  0.14/turn              y - +4 ring of evasion

@: resistant, lightly drained
A: talons 2, icy blue scales 1
a: Renounce Religion


You were on level 8 of the Dungeon.
You worshipped Vehumet.
Vehumet was pleased with you.
You were hungry.

You visited 1 branch of the dungeon, and saw 8 of its levels.

You collected 360 gold pieces.

Inventory:

Hand Weapons
 a - a +1 vorpal falchion
 b - a +0 dagger of venom (weapon)
 i - a +3 short sword
Missiles
 c - 16 boomerangs
 q - 3 datura-tipped darts (quivered)
Armour
 r - a +0 scale mail (worn)
 w - a +0 pair of boots (worn)
Jewellery
 e - a +6 ring of dexterity (left hand)
 y - a +4 ring of evasion (right hand)
 A - an uncursed ring of resist corrosion
Wands
 h - a wand of disintegration (13)
 C - a wand of random effects (13)
Scrolls
 g - 5 scrolls of identify
 j - a scroll of fog {unknown}
 l - a scroll of amnesia {unknown}
 m - 3 scrolls of remove curse
 o - 2 scrolls of immolation {unknown}
 v - a scroll of teleportation {unknown}
 x - 4 scrolls of noise {unknown}
Potions
 d - a potion of might
 k - a potion of flight {unknown}
 n - a potion of berserk rage {unknown}
 p - a potion of heal wounds {unknown}
 s - a potion of invisibility {unknown}
 t - 2 potions of curing
 u - a potion of ambrosia {unknown}
 z - a potion of resistance
 B - a potion of degeneration {unknown}
Comestibles
 f - 17 rations


   Skills:
 * Level 5.5(5.0) Fighting
 + Level 2.0(3.2) Short Blades
 + Level 4.8(4.6) Long Blades
 + Level 4.8(4.4) Armour
 + Level 2.1(1.7) Dodging
 + Level 0.2(0.0) Stealth
   Level 3.9(3.5) Shields
 * Level 4.1(3.7) Spellcasting
 * Level 1.9(1.5) Conjurations
 * Level 2.6(2.2) Air Magic
 + Level 0.8(0.4) Evocations


You had 14 spell levels left.
You knew the following spells:

 Your Spells              Type           Power        Failure   Level  Hunger
a - Shock                 Conj/Air       #...         34%         1    #......

Your spell library contained the following spells:

 Spells                   Type           Power        Failure   Level  Hunger
 Searing Ray              Conj           #.....       52%         2    ##.....
 Confusing Touch          Hex            #.......     91%         3    ###....
 Gell's Gravitas          Tloc           #.........   91%         3    ###....
 Petrify                  Tmut/Erth      #.......     100%        4    #####..
 Metabolic Englaciation   Hex/Ice        #.........   100%        5    ######.
 Yara's Violent Unravell  Hex/Tmut       #.........   100%        5    ######.


Dungeon Overview and Level Annotations

Branches:
Dungeon (8/15)             Temple (0/1) D:6
   Lair: D:8-11

Altars:
Dithmenos
Gozag
Hepliaklqana
Makhleb
Okawaru
Uskayaw
Vehumet
Wu Jian
Xom

Shops:
D:4 (   D:6 }


Innate Abilities, Weirdness & Mutations

You have razor-sharp toenails.
You are partially covered in icy blue scales. (AC +2)


Message History

The hog completely misses you. The hog bites you! x2
* * * LOW HITPOINT WARNING * * *
Unknown command.
Unknown command.
Okay, then.
It was a potion of curing.
You feel better. The hog bites you but does no damage. The hog bites you.
The hog closely misses you. The hog bites you!
* * * LOW HITPOINT WARNING * * *
Unknown command.
Unknown command.
Unknown command.
It was a potion of resistance.
You feel protected. The hog bites you!
* * * LOW HITPOINT WARNING * * *
The hog bites you!
* * * LOW HITPOINT WARNING * * *
The hog bites you.
You die...

#............ #.#
###............ ..#
.............. #..
#............ ..
#.##............ #.##
#.##............ #..# #.#
#......รท...)
#########.###.# ##.....#....
#.....#..ph@h.# ######...).
#[....###.##h.# #.....
###'###.....h.#########...()
#%....#...#............<)...
#%%.h.'......#...######.....
#######....#...#...# #.....
...........###.....# #.....
..........## ##....# #.....
#...##...## #....# #.....


You could see 4 hogs and a human.

Vanquished Creatures
  Edmund (D:6)
  An orc warrior (D:6)
  A phantom (D:5)
  3 ogres
  2 centaurs (D:5)
  A bullfrog (D:6)
  4 howler monkeys
  2 crimson imps (D:5)
  2 hounds
  3 orc priests
  2 bullfrog skeletons
  4 orc wizards
  A centaur skeleton (D:5)
  6 worker ants
  2 gnolls (D:5)
  8 adders
  A shadow imp (D:6)
  An ooze (D:4)
  2 adder skeletons (D:7)
  A worm (D:2)
  7 leopard geckos
  27 orcs
  9 giant cockroaches
  10 goblins
  5 hobgoblins
  18 jackals
  3 ball pythons
  5 bats
  7 frilled lizards
  6 kobolds
  A leopard gecko skeleton (D:5)
  8 rats
154 creatures vanquished.

Vanquished Creatures (collateral kills)
  2 orc priests (D:8)
  A bat (D:2)
  A kobold (D:2)
4 creatures vanquished.

Grand Total: 158 creatures vanquished

Notes
Turn   | Place    | Note
-------+----------+-------------------------------------------
     0 | D:1      | Morbidden the Demonspawn Fighter began the quest for the
                  | Orb.
     0 | D:1      | Reached XP level 1. HP: 18/18 MP: 1/1
   317 | D:1      | Gained mutation: You have sharp toenails. [demonic
                  | ancestry]
   317 | D:1      | Reached XP level 2. HP: 8/24 MP: 2/2
  1463 | D:2      | Reached XP level 3. HP: 29/29 MP: 3/3
  2104 | D:2      | Found an opulent altar of Gozag.
  2105 | D:2      | Found a burning altar of Makhleb.
  2109 | D:2      | Found an ornate altar of the Wu Jian Council.
  2302 | D:3      | Reached XP level 4. HP: 34/35 MP: 5/5
  2314 | D:3      | Found a shadowy altar of Dithmenos.
  2330 | D:3      | Reached skill level 1 in Spellcasting
  2648 | D:3      | Found a hazy altar of Hepliaklqana.
  2952 | D:4      | Gained mutation: You are partially covered in icy blue
                  | scales. (AC +2) [demonic ancestry]
  2952 | D:4      | Reached XP level 5. HP: 42/42 MP: 5/7
  2975 | D:4      | Found Japharoh's Weapon Boutique.
  3045 | D:4      | Found a radiant altar of Vehumet.
  3065 | D:4      | Became a worshipper of Vehumet
  3454 | D:4      | Noticed an ogre
  3473 | D:4      | Killed an ogre
  3934 | D:5      | Entered Level 5 of the Dungeon
  3934 | D:5      | Noticed a centaur
  3943 | D:5      | Killed a centaur
  3943 | D:5      | Reached skill level 4 in Fighting
  3943 | D:5      | Reached XP level 6. HP: 32/48 MP: 9/9
  4517 | D:5      | Gained mutation: You have razor-sharp toenails. [demonic
                  | ancestry]
  4517 | D:5      | Reached XP level 7. HP: 54/55 MP: 10/10
  4525 | D:5      | Reached skill level 1 in Dodging
  4928 | D:5      | Reached * piety under Vehumet
  4928 | D:5      | Offered knowledge of Shock by Vehumet.
  4937 | D:5      | Learned a level 1 spell: Shock
  5069 | D:5      | Found an iron altar of Okawaru.
  5286 | D:6      | Found a staircase to the Ecumenical Temple.
  5291 | D:6      | Found Beaq's Gadget Shoppe.
  5326 | D:6      | Reached skill level 1 in Short Blades
  5622 | D:6      | Found a hide-covered altar of Uskayaw.
  5692 | D:6      | Reached skill level 1 in Air Magic
  5792 | D:6      | Noticed Edmund
  5838 | D:5      | Reached skill level 1 in Conjurations
  5838 | D:5      | Reached XP level 8. HP: 36/61 MP: 13/13
  6321 | D:6      | Killed Edmund
  6321 | D:6      | Reached skill level 5 in Fighting
  7167 | D:7      | Offered knowledge of Searing Ray by Vehumet.
  7169 | D:7      | Reached ** piety under Vehumet
  7461 | D:7      | Found a shimmering altar of Xom.
  8109 | D:8      | HP: 1/63 [hog (7)]
  8109 | D:8      | Slain by a hog

Illustrated notes

Levels and vault maps discovered:
D:1:      shiori_arrival_maze, layout_basic
D:2:      layout_rooms, minitemple
D:3:      layout_loops_cross, nicolae_overflow_crystal_walls, minivault_25,
          nicolae_dithmenos_shadow_blocks
D:4:      layout_gridville, lemuel_round_altar, serial_shops, shop,
          kennysheep_minor_cross
D:5:      layout_basic, first_ration, okawaru_altar_gauntlet_db
D:6:      layout_loops_ring, lemuel_doored_altar, minmay_temple_entry_mist,
          serial_shops, nicolae_shop_stone, hangedman_decor_diamond_cutter,
          uniq_edmund
D:7:      layout_cave_pools, xom_teletrap_fun
D:8:      layout_rooms, grunt_livestock, uniq_joseph

Skill      XL: |  1  2  3  4  5  6  7  8 |
---------------+-------------------------+-----
Shields        | 3 |  3.9
Long Blades    | 2 3 4 |  4.8
Armour         | 3 4 |  4.8
Spellcasting   | 1 2 3 4 |  4.1
Fighting       | 4 5 |  5.5
Dodging        | 1 2 |  2.1
Short Blades   | 1 2 |  2.0
Air Magic      | 1 2 |  2.6
Conjurations   | 1 |  1.9
Stealth        | |  0.2
Evocations     | |  0.8

Action                   |  1- 3 |  4- 6 |  7- 9 || total
-------------------------+-------+-------+-------++-------
Melee: Long sword        |   119 |   141 |    13 ||   273
       Kick              |    29 |    16 |       ||    45
       Falchion          |       |       |   144 ||   144
       Dagger            |       |       |   282 ||   282
Evoke: Wand              |     2 |     1 |     3 ||     6
  Use: Scroll            |       |     1 |     2 ||     3
       Potion            |       |       |     2 ||     2
  Eat: Chunk             |     5 |     7 |     8 ||    20
       Ration            |       |       |     1 ||     1
Armor: Scale mail        |    67 |    71 |   160 ||   298
Dodge: Dodged            |    33 |    55 |   307 ||   395
Block: Kite shield       |    84 |    86 |    62 ||   232
       Rpst.: Long sword |     9 |    16 |     5 ||    30
       Falchion          |       |       |    21 ||    21

Table legend:
 A = Non-vault XP
 B = Vault XP
 C = Vault XP percentage of total XP
 D = Non-vault monster count
 E = Vault monster count
 F = Vault count percentage of total count
                 A         B        C        D         E       F
            +---------+---------+-------+---------+---------+-------
      Total |    2348 |     222 |   8.6 |     149 |       9 |   5.7
            +---------+---------+-------+---------+---------+-------
        D:1 |      34 |       4 |  10.5 |      21 |       2 |   8.7
        D:2 |      41 |       0 |   0.0 |      16 |       0 |   0.0
        D:3 |      78 |       0 |   0.0 |      26 |       0 |   0.0
        D:4 |     183 |       0 |   0.0 |      12 |       0 |   0.0
        D:5 |     893 |      37 |   4.0 |      34 |       6 |  15.0
        D:6 |     641 |     181 |  22.0 |      18 |       1 |   5.3
        D:7 |     301 |       0 |   0.0 |      14 |       0 |   0.0
        D:8 |     177 |       0 |   0.0 |       8 |       0 |   0.0
            +---------+---------+-------+---------+---------+-------
